SMSL
MSL FT. WORTH CATTLEMEN @ MSL NOVA SCOTIA LEVIATHAN
05/10/2051
 
TOP OF THE 1ST
MSL Ft. Worth Cattlemen batting - Pitching for MSL Nova Scotia Leviathan : RHP Alistair Mossop
Pitching: RHP Alistair Mossop
Batting: LHB Hayden McLaughlin 0-0: Called Strike
0-1: Reached on error, E5 (Groundball, 5S, EV 67.5 MPH)
Batting: LHB Ramón Cruz 0-0: Ball
1-0: Ball
2-0: Ball
3-0: Called Strike
3-1: 2-RUN HOME RUN (Flyball, 9LD, EV 93.8 MPH), Distance : 342 ft
Batting: SHB José Ramos 0-0: Ball
1-0: Called Strike
1-1: Called Strike
1-2: Ball
2-2: Strikes out swinging
Batting: RHB Alberto Mata 0-0: Ball
1-0: Ball
2-0: Ball
3-0: Base on Balls
Batting: SHB Ik-jun An 0-0: Foul Ball, location: 2F
0-1: Ball
1-1: Foul Ball, location: 2F
1-2: Fielders Choice at 2nd, 3-6 (Groundball, 23, EV 80.6 MPH)
Batting: RHB Hi-sang Chong 0-0: Called Strike
0-1: Ball
1-1: Ball
2-1: Ball
3-1: Base on Balls
Ik-jun An to second
Batting: SHB Gray Parrel 0-0: Foul Ball, location: 2F
0-1: Swinging Strike
0-2: Foul Ball, location: 2F
0-2: Ball
1-2: Strikes out looking
Top of the 1st over - 2 runs, 1 hit, 1 error, 2 left on base; MSL Ft. Worth 2 - MSL Nova Scotia 0
BOTTOM OF THE 1ST
MSL Nova Scotia Leviathan batting - Pitching for MSL Ft. Worth Cattlemen : RHP Karol Pejemsky
Pitching: RHP Karol Pejemsky
Batting: SHB Alejandro Barjas 0-0: Ball
1-0: Called Strike
1-1: Foul Ball, location: 2F
1-2: Fly out, F5 (Line Drive, 5L, EV 76.9 MPH)
Batting: RHB Ultse Burgemeester 0-0: Ground out 5-3 (Groundball, 15, EV 83.1 MPH)
Batting: RHB Marcos Delgado 0-0: Called Strike
0-1: Swinging Strike
0-2: Ball
1-2: Foul Ball, location: 2F
1-2: SINGLE (Flyball, 8LS, EV 93.1 MPH)
Batting: SHB Efren Cereza 0-0: Foul Ball, location: 2F
0-1: Hit by Pitch
Marcos Delgado to second
Batting: RHB Felipe Ornelas 0-0: Foul Ball, location: 2F
0-1: Ball
1-1: Swinging Strike
1-2: Foul Ball, location: 2F
1-2: Foul Ball, location: 2F
1-2: Foul Ball, location: 2F
1-2: SINGLE (Line Drive, 4MD, EV 96.2 MPH)
Marcos Delgado to third
Efren Cereza to second
Runner from 3rd tries for Home, SAFE, throw by CF to home
Batting: LHB Yodo Hirose 0-0: Foul Ball, location: 2F
0-1: Fly out, F9 (Flyball, 89M, EV 95.6 MPH)
Bottom of the 1st over - 1 run, 2 hits, 0 errors, 2 left on base; MSL Ft. Worth 2 - MSL Nova Scotia 1
TOP OF THE 2ND
MSL Ft. Worth Cattlemen batting - Pitching for MSL Nova Scotia Leviathan : RHP Alistair Mossop
Batting: LHB Iván Longoria 0-0: Ball
1-0: Ball
2-0: Called Strike
2-1: Fly out, F6 (Line Drive, 6, EV 70.0 MPH)
Batting: RHB Eddy Bourguignon 0-0: Called Strike
0-1: SINGLE (Flyball, 89S, EV 87.5 MPH)
Batting: LHB Hayden McLaughlin 0-0: Ball
1-0: Foul Ball, location: 2F
1-1: Ball
2-1: Ball
3-1: Base on Balls
Eddy Bourguignon to second
Batting: LHB Ramón Cruz 0-0: Called Strike
0-1: Fielders Choice at 2nd, 1-6 (Groundball, 34S, EV 68.1 MPH)
Eddy Bourguignon to third
Batting: SHB José Ramos 0-0: Ball
1-0: Foul Ball, location: 2F
1-1: Ground out 4-3 (Groundball, 4, EV 82.5 MPH)
Top of the 2nd over - 0 runs, 1 hit, 0 errors, 2 left on base; MSL Ft. Worth 2 - MSL Nova Scotia 1
BOTTOM OF THE 2ND
MSL Nova Scotia Leviathan batting - Pitching for MSL Ft. Worth Cattlemen : RHP Karol Pejemsky
Batting: RHB Javier Martínez 0-0: Swinging Strike
0-1: Called Strike
0-2: Ground out 5-3 (Groundball, 56S, EV 69.4 MPH)
Batting: RHB Vincent Phillips 0-0: Called Strike
0-1: Foul Ball, location: 2F
0-2: Ball
1-2: Fly out, F8 (Flyball, 8RD, EV 103.1 MPH)
Batting: RHB Dani Taváres 0-0: Ball
1-0: Called Strike
1-1: Ball
2-1: Foul Ball, location: 2F
2-2: Ball
3-2: Strikes out swinging
Bottom of the 2nd over - 0 runs, 0 hits, 0 errors, 0 left on base; MSL Ft. Worth 2 - MSL Nova Scotia 1
TOP OF THE 3RD
MSL Ft. Worth Cattlemen batting - Pitching for MSL Nova Scotia Leviathan : RHP Alistair Mossop
Batting: RHB Alberto Mata 0-0: Called Strike
0-1: Ball
1-1: Ball
2-1: Ground out 5-3 (Groundball, 56S, EV 66.2 MPH)
Batting: SHB Ik-jun An 0-0: Ball
1-0: Ground out 6-3 (Groundball, 6, EV 101.2 MPH)
Batting: RHB Hi-sang Chong 0-0: Ball
1-0: Fly out, F7 (Flyball, 7, EV 81.9 MPH)
Top of the 3rd over - 0 runs, 0 hits, 0 errors, 0 left on base; MSL Ft. Worth 2 - MSL Nova Scotia 1
BOTTOM OF THE 3RD
MSL Nova Scotia Leviathan batting - Pitching for MSL Ft. Worth Cattlemen : RHP Karol Pejemsky
Batting: SHB Alejandro Barjas 0-0: Called Strike
0-1: Ball
1-1: SINGLE (Line Drive, 78M, EV 100.0 MPH)
Batting: RHB Ultse Burgemeester 0-0: Fly out, F7 (Line Drive, 7S, EV 86.9 MPH)
Batting: RHB Marcos Delgado 0-0: Ball
1-0: Called Strike
1-1: Fielders Choice at 2nd, 6-4 (Groundball, 6, EV 100.6 MPH)
Batting: SHB Efren Cereza 0-0: Swinging Strike
0-1: Ball
1-1: Ball
2-1: Swinging Strike
2-2: Foul Ball, location: 2F
2-2: Ball
3-2: Strikes out looking
Bottom of the 3rd over - 0 runs, 1 hit, 0 errors, 1 left on base; MSL Ft. Worth 2 - MSL Nova Scotia 1
TOP OF THE 4TH
MSL Ft. Worth Cattlemen batting - Pitching for MSL Nova Scotia Leviathan : RHP Alistair Mossop
Batting: SHB Gray Parrel 0-0: Foul Ball, location: 2F
0-1: Ball
1-1: Foul Ball, location: 2F
1-2: Reached on error, E4 (Groundball, 4, EV 81.2 MPH)
Batting: LHB Iván Longoria 0-0: Ball
1-0: Called Strike
1-1: SINGLE (Flyball, 56D, EV 86.9 MPH)
Gray Parrel to third
Batting: RHB Eddy Bourguignon 0-0: Ball
1-0: Ball
2-0: Ball
3-0: Called Strike
3-1: Foul Ball, location: 2F
3-2: Base on Balls
Iván Longoria to second
Batting: LHB Hayden McLaughlin 0-0: Foul Ball, location: 2F
0-1: Ball
Wild Pitch!
Gray Parrel scores
Iván Longoria to third
Eddy Bourguignon to second
1-1: Called Strike
1-2: Strikes out looking
Batting: LHB Ramón Cruz 0-0: 3-RUN HOME RUN (Flyball, 9D, EV 97.5 MPH), Distance : 376 ft
Batting: SHB José Ramos 0-0: Ball
1-0: Foul Ball, location: 2F
1-1: Ball
2-1: Foul Ball, location: 2F
2-2: Strikes out swinging
Batting: RHB Alberto Mata 0-0: Ball
1-0: Ball
2-0: SINGLE (Line Drive, 8LS, EV 108.8 MPH)
Batting: SHB Ik-jun An 0-0: Called Strike
0-1: Swinging Strike
0-2: Ball
1-2: Strikes out swinging
Top of the 4th over - 4 runs, 3 hits, 1 error, 1 left on base; MSL Ft. Worth 6 - MSL Nova Scotia 1
BOTTOM OF THE 4TH
MSL Nova Scotia Leviathan batting - Pitching for MSL Ft. Worth Cattlemen : RHP Karol Pejemsky
Batting: RHB Felipe Ornelas 0-0: SINGLE (Line Drive, 4M, EV 103.1 MPH)
Batting: LHB Yodo Hirose 0-0: Called Strike
0-1: Ball
1-1: Ball
2-1: Foul Ball, location: 2F
2-2: Ball
3-2: Base on Balls
Felipe Ornelas to second
Batting: RHB Javier Martínez 0-0: Foul Ball, location: 2F
0-1: Foul Ball, location: 2F
0-2: Ball
1-2: SINGLE (Flyball, 7LS, EV 96.9 MPH)
Felipe Ornelas to third
Yodo Hirose to second
Batting: RHB Vincent Phillips 0-0: Ball
1-0: Swinging Strike
1-1: Fly out, F8 (Flyball, 8LM, EV 88.8 MPH)
Runner from 3rd tags up, SCORES, throw by CF
Yodo Hirose to third
Batting: RHB Dani Taváres 0-0: Called Strike
0-1: Ball
1-1: SINGLE (Groundball, 13, EV 81.2 MPH) (infield hit)
Yodo Hirose scores
Javier Martínez to second
Batting: SHB Alejandro Barjas 0-0: Ball
1-0: Ball
2-0: Ball
3-0: Called Strike
3-1: Called Strike
3-2: Base on Balls
Javier Martínez to third
Dani Taváres to second
Batting: RHB Ultse Burgemeester 0-0: Called Strike
0-1: Ball
1-1: Foul Ball, location: 2F
1-2: Strikes out swinging
Batting: RHB Marcos Delgado 0-0: Called Strike
0-1: Swinging Strike
0-2: SINGLE (Groundball, 56S, EV 94.4 MPH)
Javier Martínez scores
Dani Taváres to third
Alejandro Barjas to second
Runner from 3rd tries for Home, SAFE, throw by LF to home
Pitching: LHP Guillermo Flores
Batting: SHB Efren Cereza 0-0: Ball
1-0: Called Strike
1-1: Foul Ball, location: 2F
1-2: Strikes out looking
Bottom of the 4th over - 4 runs, 4 hits, 0 errors, 2 left on base; MSL Ft. Worth 6 - MSL Nova Scotia 5
TOP OF THE 5TH
MSL Ft. Worth Cattlemen batting - Pitching for MSL Nova Scotia Leviathan : RHP Alistair Mossop
Batting: RHB Hi-sang Chong 0-0: Ground out 6-3 (Groundball, 6, EV 110.0 MPH)
Batting: SHB Gray Parrel 0-0: Ball
1-0: Ball
2-0: Swinging Strike
2-1: Swinging Strike
2-2: Strikes out swinging
Batting: LHB Iván Longoria 0-0: Ball
1-0: Swinging Strike
1-1: Swinging Strike
1-2: Strikes out swinging
Top of the 5th over - 0 runs, 0 hits, 0 errors, 0 left on base; MSL Ft. Worth 6 - MSL Nova Scotia 5
BOTTOM OF THE 5TH
MSL Nova Scotia Leviathan batting - Pitching for MSL Ft. Worth Cattlemen : LHP Guillermo Flores
Batting: RHB Felipe Ornelas 0-0: Ball
1-0: Ball
2-0: Called Strike
2-1: Ball
3-1: SINGLE (Groundball, 5D, EV 103.1 MPH)
Batting: LHB Yodo Hirose 0-0: Called Strike
0-1: Ball
1-1: SINGLE (Line Drive, 9S, EV 95.0 MPH)
Felipe Ornelas to second
Runner from 2nd tries for 3rd, SAFE, no throw by RF
Batting: RHB Javier Martínez 0-0: Called Strike
0-1: Swinging Strike
0-2: Foul Ball, location: 2F
0-2: Ball
Wild Pitch!
Felipe Ornelas scores
Yodo Hirose to second
1-2: Foul Ball, location: 2F
1-2: Strikes out swinging
Batting: RHB Vincent Phillips 0-0: Ball
1-0: Called Strike
1-1: Foul Ball, location: 2F
1-2: Fly out, F8 (Line Drive, 8LD, EV 102.5 MPH)
Runner from 2nd tags up, SAFE at 3rd with throw by CF
Batting: RHB Dani Taváres 0-0: Called Strike
0-1: Ball
1-1: Ball
2-1: Called Strike
2-2: Foul Ball, location: 2F
2-2: Strikes out swinging
Bottom of the 5th over - 1 run, 2 hits, 0 errors, 1 left on base; MSL Ft. Worth 6 - MSL Nova Scotia 6
TOP OF THE 6TH
MSL Ft. Worth Cattlemen batting - Pitching for MSL Nova Scotia Leviathan : RHP Alistair Mossop
Batting: RHB Eddy Bourguignon 0-0: SOLO HOME RUN (Flyball, 7LD, EV 90.0 MPH), Distance : 332 ft
Pitching: RHP Claudio Rúbio
Batting: LHB Hayden McLaughlin 0-0: Ball
1-0: Ball
2-0: Called Strike
2-1: Foul Ball, location: 2F
2-2: Foul Ball, location: 2F
2-2: Ball
3-2: SINGLE (Flyball, 9LS, EV 96.9 MPH)
Batting: LHB Ramón Cruz 0-0: Called Strike
0-1: Foul Ball, location: 2F
0-2: Ball
1-2: Strikes out swinging
Hayden McLaughlin is caught stealing 2nd base 2-6
Batter strikes out.
Batting: SHB José Ramos 0-0: Swinging Strike
0-1: Ball
1-1: Called Strike
1-2: Ball
2-2: Strikes out looking
Top of the 6th over - 1 run, 2 hits, 0 errors, 0 left on base; MSL Ft. Worth 7 - MSL Nova Scotia 6
BOTTOM OF THE 6TH
MSL Nova Scotia Leviathan batting - Pitching for MSL Ft. Worth Cattlemen : LHP Guillermo Flores
Batting: SHB Alejandro Barjas 0-0: Ball
1-0: Fly out, F9 (Flyball, 89M, EV 96.2 MPH)
Batting: RHB Ultse Burgemeester 0-0: Ball
1-0: Foul Ball, location: 2F
1-1: Ball
2-1: SINGLE (Line Drive, 4MD, EV 97.5 MPH)
Batting: RHB Marcos Delgado 0-0: Swinging Strike
0-1: Swinging Strike
0-2: Ball
1-2: Ball
2-2: Fly out, F8 (Flyball, 89M, EV 75.6 MPH)
Batting: SHB Efren Cereza 0-0: Ball
1-0: Ball
2-0: Foul Ball, location: 2F
2-1: Fielders Choice at 2nd, 6-4 (Groundball, 6, EV 80.0 MPH)
Bottom of the 6th over - 0 runs, 1 hit, 0 errors, 1 left on base; MSL Ft. Worth 7 - MSL Nova Scotia 6
TOP OF THE 7TH
MSL Ft. Worth Cattlemen batting - Pitching for MSL Nova Scotia Leviathan : RHP Claudio Rúbio
Batting: RHB Alberto Mata 0-0: Ball
1-0: Ball
2-0: SINGLE (Flyball, 8RS, EV 98.1 MPH)
Batting: SHB Ik-jun An 0-0: Ground out 4-3 (Groundball, 34D, EV 103.1 MPH)
Alberto Mata to second
Batting: RHB Hi-sang Chong 0-0: Ball
1-0: Foul Ball, location: 2F
1-1: SINGLE (Groundball, 56D, EV 101.2 MPH)
Alberto Mata to third
Batting: SHB Gray Parrel 0-0: Foul Ball, location: 2F
0-1: Called Strike
0-2: Ball
1-2: Ball
2-2: Foul Ball, location: 2F
2-2: Ball
3-2: Ground out 4-3 (Groundball, 4S, EV 61.2 MPH)
Alberto Mata scores
Hi-sang Chong to second
Batting: LHB Iván Longoria 0-0: Ball
1-0: Ball
2-0: Ball
3-0: Called Strike
3-1: Base on Balls
Batting: RHB Eddy Bourguignon 0-0: Called Strike
0-1: Swinging Strike
0-2: Foul Ball, location: 2F
0-2: Foul Ball, location: 2F
0-2: Ball
1-2: Fielders Choice at 2nd, 5-4 (Groundball, 56, EV 84.4 MPH)
Top of the 7th over - 1 run, 2 hits, 0 errors, 2 left on base; MSL Ft. Worth 8 - MSL Nova Scotia 6
BOTTOM OF THE 7TH
MSL Nova Scotia Leviathan batting - Pitching for MSL Ft. Worth Cattlemen : LHP Guillermo Flores
Batting: RHB Felipe Ornelas 0-0: Ball
1-0: Ball
2-0: Ball
3-0: Base on Balls
Batting: LHB Yodo Hirose 0-0: Ball
1-0: Fly out, F8 (Flyball, 8RM, EV 85.6 MPH)
Batting: RHB Javier Martínez 0-0: Ball
1-0: Fly out, F3 (Popup, 3L, EV 75.0 MPH)
Batting: RHB Vincent Phillips 0-0: Foul Ball, location: 2F
0-1: Foul Ball, location: 2F
0-2: Strikes out swinging
Bottom of the 7th over - 0 runs, 0 hits, 0 errors, 1 left on base; MSL Ft. Worth 8 - MSL Nova Scotia 6
TOP OF THE 8TH
MSL Ft. Worth Cattlemen batting - Pitching for MSL Nova Scotia Leviathan : RHP Claudio Rúbio
Pitching: RHP Harikishan Ilango
Batting: LHB Hayden McLaughlin 0-0: Called Strike
0-1: Ball
1-1: SINGLE (Groundball, 6D, EV 93.8 MPH)
Batting: LHB Ramón Cruz 0-0: Ball
1-0: Called Strike
1-1: Ground out 4-3 (Groundball, 34S, EV 85.6 MPH)
Hayden McLaughlin to second
Batting: SHB José Ramos 0-0: Called Strike
0-1: Foul Ball, location: 2F
0-2: Strikes out swinging
Batting: RHB Alberto Mata 0-0: Ball
1-0: Foul Ball, location: 2F
1-1: Ball
2-1: Ball
3-1: Base on Balls
Batting: SHB Ik-jun An 0-0: Ball
1-0: Called Strike
1-1: Foul Ball, location: 2F
1-2: Ball
2-2: SINGLE (Line Drive, 34, EV 96.2 MPH)
Hayden McLaughlin to third
Alberto Mata to second
Runner from 3rd tries for Home, SAFE, throw by RF to home
Batting: RHB Hi-sang Chong 0-0: Ball
1-0: Ball
2-0: Ball
3-0: Base on Balls
Alberto Mata to third
Ik-jun An to second
Pitching: LHP Simon Chitty
Batting: SHB Gray Parrel 0-0: Ball
1-0: Ball
2-0: Called Strike
2-1: Foul Ball, location: 2F
2-2: Strikes out swinging
Top of the 8th over - 1 run, 2 hits, 0 errors, 3 left on base; MSL Ft. Worth 9 - MSL Nova Scotia 6
BOTTOM OF THE 8TH
MSL Nova Scotia Leviathan batting - Pitching for MSL Ft. Worth Cattlemen : LHP Guillermo Flores
Batting: RHB Dani Taváres 0-0: Ball
1-0: Ground out 4-3 (Groundball, 4S, EV 87.5 MPH)
Batting: SHB Alejandro Barjas 0-0: Called Strike
0-1: Swinging Strike
0-2: Ball
1-2: SINGLE (Line Drive, 9LS, EV 91.2 MPH)
Pitching: RHP Romain Prigent
Batting: RHB Ultse Burgemeester 0-0: Fly out, F7 (Flyball, 78S, EV 88.8 MPH)
Batting: RHB Marcos Delgado 0-0: Fly out, F7 (Flyball, 78M, EV 86.2 MPH)
Bottom of the 8th over - 0 runs, 1 hit, 0 errors, 1 left on base; MSL Ft. Worth 9 - MSL Nova Scotia 6
TOP OF THE 9TH
MSL Ft. Worth Cattlemen batting - Pitching for MSL Nova Scotia Leviathan : LHP Simon Chitty
Batting: LHB Iván Longoria 0-0: Ball
1-0: Ball
2-0: Swinging Strike
2-1: Swinging Strike
2-2: Strikes out swinging
Batting: RHB Eddy Bourguignon 0-0: Called Strike
0-1: Ball
1-1: Fly out, F8 (Flyball, 89D, EV 103.8 MPH)
Batting: LHB Hayden McLaughlin 0-0: Ball
1-0: Ball
2-0: Foul Ball, location: 2F
2-1: SINGLE (Line Drive, 7LS, EV 112.5 MPH)
Batting: LHB Ramón Cruz 0-0: Called Strike
0-1: Ball
1-1: Called Strike
1-2: Foul Ball, location: 2F
1-2: Foul Ball, location: 2F
1-2: Ball
2-2: Strikes out swinging
Top of the 9th over - 0 runs, 1 hit, 0 errors, 1 left on base; MSL Ft. Worth 9 - MSL Nova Scotia 6
BOTTOM OF THE 9TH
MSL Nova Scotia Leviathan batting - Pitching for MSL Ft. Worth Cattlemen : RHP Romain Prigent
Pitching: RHP Esteban Aguilar
Batting: SHB Efren Cereza 0-0: Called Strike
0-1: Called Strike
0-2: Strikes out swinging
Batting: RHB Felipe Ornelas 0-0: Ball
1-0: Foul Ball, location: 2F
1-1: Called Strike
1-2: Fly out, F9 (Line Drive, 9D, EV 100.0 MPH)
Batting: LHB Yodo Hirose 0-0: Called Strike
0-1: Ball
1-1: Called Strike
1-2: Strikes out swinging
Bottom of the 9th over - 0 runs, 0 hits, 0 errors, 0 left on base; MSL Ft. Worth 9 - MSL Nova Scotia 6
Friday, July 7th , 2023 - OOTP Baseball 23.10 Build 110